 Dungeon Crawl Stone Soup version 0.23-a0-681-g26ad783 (webtiles) character file.

19087 gruber the Thaumaturge (level 12, 0/94 HPs)
             Began as a Gnoll Skald on Jan 10, 2019.
             Was an Elder of Okawaru.
             Slain by a spiny frog (14 damage)
             ... on level 2 of the Lair of Beasts.
             The game lasted 00:38:23 (15754 turns).

gruber the Thaumaturge (Gnoll Skald)               Turns: 15754, Time: 00:38:24

Health: 0/94       AC: 10    Str: 15    XL:     12   Next: 65%
Magic:  18/25      EV: 21    Int: 20    God:    Okawaru [****..]
Gold:   1517       SH: 10    Dex: 14    Spells: 12/29 levels left

rFire    + . .     SeeInvis +   B - +0 trident
rCold    + + .     Gourm    +   k - +3 buckler
rNeg     + . .     Faith    .   t - +1 robe {rC+}
rPois    .         Spirit   .   (no helmet)
rElec    .         Reflect  .   L - scarf {rC+ rF+}
rCorr    .         Harm     .   S - +2 pair of gloves of Pathos {+Fly rN+}
MR       .....                  m - +1 pair of boots {run}
Stlth    +++++.....             a - amulet of the gourmand
HPRegen  0.25/turn              j - ring of see invisible
MPRegen  0.19/turn              G - ring of flight

@: lethally poisoned (0 -> -3), heroism, studying Ice Magic, quick
A: distributed training, fangs 1, strong nose
a: Heroism, Renounce Religion, Evoke Flight


You were on level 2 of the Lair of Beasts.
You worshipped Okawaru.
Okawaru was greatly pleased with you.
You were not hungry.

You visited 3 branches of the dungeon, and saw 14 of its levels.
You also visited: Bailey and Ice Cave.

You collected 1517 gold pieces.

Inventory:

Hand Weapons
 B - a +0 trident (weapon)
 C - a cursed +6 hand axe of freezing
Missiles
 H - 16 javelins of returning (quivered)
Armour
 k - a +3 buckler (worn)
 m - a +1 pair of boots of running (worn)
 t - a +1 robe of cold resistance (worn)
 L - a scarf of resistance (worn)
 S - the +2 pair of gloves of Pathos (worn) {+Fly rN+}
   (You acquired it on level 1 of the Lair of Beasts)

   It protects you from negative energy.
   It lets you fly.
Magical Staves
 Q - an uncursed staff of cold {unknown}
Jewellery
 a - an amulet of the gourmand (around neck)
 e - an uncursed ring of ice
 j - a ring of see invisible (left hand)
 G - a ring of flight (right hand)
Wands
 w - a wand of clouds (4)
 y - a wand of iceblast (39)
 E - a wand of disintegration (20)
 F - a wand of acid (22)
 J - a wand of digging (7)
 M - a wand of scattershot (6)
Scrolls
 c - 7 scrolls of teleportation
 f - 5 scrolls of remove curse
 l - 4 scrolls of fear
 o - 2 scrolls of magic mapping
 p - a scroll of fog
 r - a scroll of noise
 s - 2 scrolls of enchant armour
 u - a scroll of random uselessness
 v - 2 scrolls of amnesia
 A - 3 scrolls of immolation
 O - 2 scrolls of identify
 R - a scroll of summoning {unknown}
Potions
 g - a potion of resistance
 h - 3 potions of flight
 i - 3 potions of haste
 n - 2 potions of curing {unknown}
 q - 2 potions of might
 x - 2 potions of degeneration {unknown}
 z - 2 potions of invisibility {unknown}
 D - 3 potions of mutation {unknown}
 I - a potion of brilliance {unknown}
 N - a potion of agility {unknown}
Books
 b - a manual of Ice Magic
 P - a manual of Ice Magic
Miscellaneous
 K - a phantom mirror
Comestibles
 d - 31 rations


   Skills:
 + Level 8.7(13.7) Fighting
 + Level 7.3(12.3) Short Blades
 + Level 7.3(12.3) Long Blades
 + Level 7.3(12.3) Axes
 + Level 7.3(12.3) Maces & Flails
 + Level 8.7(13.7) Polearms
 + Level 7.3(12.3) Staves
 + Level 7.3(12.3) Slings
 + Level 7.3(12.3) Bows
 + Level 7.3(12.3) Crossbows
 + Level 7.3(12.3) Throwing
 + Level 7.8(12.8) Armour
 + Level 8.7(13.7) Dodging
 + Level 7.3(12.3) Stealth
 + Level 7.3(12.3) Shields
 + Level 7.3(12.3) Unarmed Combat
 + Level 9.0 Spellcasting
 + Level 6.1 Conjurations
 + Level 6.1 Hexes
 + Level 8.3 Charms
 + Level 6.1 Summonings
 + Level 6.1 Necromancy
 + Level 6.1 Translocations
 + Level 6.1 Transmutations
 + Level 6.1 Fire Magic
 + Level 6.4 Ice Magic
 + Level 6.1 Air Magic
 + Level 6.1 Earth Magic
 + Level 6.1 Poison Magic
 + Level 8.1 Invocations
 + Level 7.3 Evocations


You had 12 spell levels left.
You knew the following spells:

 Your Spells              Type           Power        Failure   Level  Hunger
a - Mephitic Cloud        Conj/Pois/Air  ####....     1%          3    None
b - Shroud of Golubria    Chrm/Tloc      #####.....   1%          2    None
c - Regeneration          Chrm/Necr      #####.....   1%          3    None
d - Spectral Weapon       Hex/Chrm       #####...     1%          3    None
e - Freezing Cloud        Conj/Ice/Air   ####......   67%         6    ######.

Your spell library contained the following spells:

 Spells                   Type           Power        Failure   Level  Hunger
 Infusion                 Chrm           ####         1%          1    None
 Poisonous Vapours        Pois/Air       ####..       1%          2    None
 Song of Slaying          Chrm           #####...     1%          2    None
 Conjure Flame            Conj/Fire      ####....     1%          3    None
 Ice Form                 Ice/Tmut       ####....     6%          4    ###....
 Alistair's Intoxication  Tmut/Pois      ####....     17%         5    #####..
 Yara's Violent Unravell  Hex/Tmut       ####......   17%         5    #####..
 Statue Form              Tmut/Erth      ####.....    67%         6    ######.
 Ring of Flames           Chrm/Fire      #####.....   98%         7    #######


Dungeon Overview and Level Annotations

Branches:
Dungeon (11/15)            Temple (1/1) D:7            Lair (2/6) D:8
    Orc (0/2) D:10
  Swamp: Lair:2-4    Shoals: Lair:2-4     Snake: Lair:2-4    Spider: Lair:2-4

Altars:
Cheibriados
Dithmenos
Fedhas
Gozag
Kikubaaqudgha
Nemelex Xobeh
Okawaru
Sif Muna
Trog
Uskayaw
Xom
Yredelemnul
Zin
Beogh

Shops:
D:5 %

Annotations:
D:4 Ijyb
D:11 Gastronok


Innate Abilities, Weirdness & Mutations

Your experience applies equally to all skills.
You have very sharp teeth.
Your uncanny sense of smell can sniff out nearby items.


Message History

Your bite misses the spiny frog.
The spiny frog is severely wounded.
Unknown command.
Unknown command.
Attack whom?
Press: ? - help, Dir - move target cursor, f/p - spiny frog
Aim: a spiny frog (severely wounded)
You hit the spiny frog but do no damage.
You bite the spiny frog, but do no damage.
The spiny frog is severely wounded.
You feel sick. You block the spiny frog's attack.
Unknown command.
Unknown command.
Attack whom?
Press: ? - help, Dir - move target cursor, f/p - spiny frog
Aim: a spiny frog (severely wounded)
You barely miss the spiny frog.
The spiny frog is severely wounded.
The spiny frog stings you!
You die...

#.. .....P## ###.#
.P.....#
###...####......##
##..........#.....#
#.........<.......#
#...........#.#...
#.......#...#.#
###.(#.......#
#@#.#....†.##
##FY........#
#YY........#
#......#....#
###.#....##.......
#......##....Y8..Y
##......# .......
#.......### .8.Y.8Y
##....P...# .......


You could see 3 yaks, a spiny frog and a friendly spectral +0 trident.

Vanquished Creatures
  A hydra (Lair:1)
  2 two-headed ogres
  An unseen horror (D:10)
  A necromancer (IceCv)
  An ugly thing (D:11)
  2 black mambas
  An ice statue (IceCv)
  2 spiny frogs (Lair:1)
  10 freezing wraiths (IceCv)
  A hornet (D:11)
  3 hippogriffs
  14 yaks
  A spriggan (D:7)
  Eustachio (D:6)
  2 hungry ghosts
  5 water moccasins
  3 porcupines
  16 orc warriors
  3 black bears
  9 ice beasts
  3 sky beasts
  5 ogres
  11 centaurs
  3 crocodiles
  The ghost of CasualChangeling the Skirmisher, an amateur KoWn (D:3)
  8 bullfrogs
  A wyvern zombie (D:4)
  A water moccasin skeleton (D:8)
  A wyvern skeleton (D:9)
  2 scorpions
  2 elephant simulacra (IceCv)
  5 wights (D:6)
  A howler monkey (D:6)
  4 crimson imps
  5 draconian simulacra (IceCv)
  6 hounds
  2 quasits
  5 orc priests
  5 jellies
  3 bullfrog skeletons
  2 centaur skeletons
  Jessica (D:7)
  2 iguanas
  8 orc wizards
  2 polar bear simulacra (IceCv)
  8 worker ants
  A troll simulacrum (IceCv)
  A spriggan simulacrum (IceCv)
  5 centaur simulacra (IceCv)
  A hound skeleton (D:4)
  A howler monkey zombie (D:11)
  5 gnolls
  8 adders
  5 naga simulacra (IceCv)
  3 ogre simulacra (IceCv)
  A shadow imp (D:8)
  24 white imps
  An ooze (D:5)
  An adder zombie (D:5)
  An adder skeleton (D:4)
  A worm (D:2)
  A dart slug (D:1)
  7 leopard geckos
  80 orcs
  A ball python (D:2)
  12 bats
  8 giant cockroaches
  7 goblins
  4 hobgoblins
  6 jackals
  3 quokkas
  7 frilled lizards
  A jackal zombie (D:8)
  9 kobolds
  A leopard gecko skeleton (D:4)
  A quokka zombie (D:6)
  11 rats
394 creatures vanquished.

Vanquished Creatures (others)
  A plant (Lair:1)
  18 spectral weapons
19 creatures vanquished.

Grand Total: 413 creatures vanquished

Notes
Turn   | Place    | Note
-------+----------+-------------------------------------------
     0 | D:1      | gruber the Gnoll Skald began the quest for the Orb.
     0 | D:1      | Reached XP level 1. HP: 20/20 MP: 6/6
    79 | D:1      | Reached XP level 2. HP: 26/26 MP: 7/7
   424 | D:1      | Reached XP level 3. HP: 31/31 MP: 9/9
   510 | D:1      | Learned a level 2 spell: Shroud of Golubria
   514 | D:1      | Learned a level 3 spell: Regeneration
   518 | D:1      | Learned a level 3 spell: Spectral Weapon
   576 | D:1      | Reached skill level 5 in Spellcasting
  1040 | D:2      | Reached skill level 1 in Invocations
  1103 | D:2      | Reached skill level 1 in Short Blades
  1103 | D:2      | Reached skill level 1 in Long Blades
  1103 | D:2      | Reached skill level 1 in Axes
  1103 | D:2      | Reached skill level 1 in Maces & Flails
  1103 | D:2      | Reached skill level 1 in Staves
  1103 | D:2      | Reached skill level 1 in Slings
  1103 | D:2      | Reached skill level 1 in Bows
  1103 | D:2      | Reached skill level 1 in Crossbows
  1103 | D:2      | Reached skill level 1 in Throwing
  1103 | D:2      | Reached skill level 1 in Stealth
  1103 | D:2      | Reached skill level 1 in Shields
  1103 | D:2      | Reached skill level 1 in Unarmed Combat
  1103 | D:2      | Reached skill level 1 in Evocations
  1210 | D:2      | Reached XP level 4. HP: 37/38 MP: 7/11
  1541 | D:2      | Reached skill level 1 in Conjurations
  1541 | D:2      | Reached skill level 1 in Hexes
  1541 | D:2      | Reached skill level 1 in Summonings
  1541 | D:2      | Reached skill level 1 in Necromancy
  1541 | D:2      | Reached skill level 1 in Translocations
  1541 | D:2      | Reached skill level 1 in Transmutations
  1541 | D:2      | Reached skill level 1 in Fire Magic
  1541 | D:2      | Reached skill level 1 in Ice Magic
  1541 | D:2      | Reached skill level 1 in Air Magic
  1541 | D:2      | Reached skill level 1 in Earth Magic
  1541 | D:2      | Reached skill level 1 in Poison Magic
  1543 | D:2      | Reached XP level 5. HP: 43/43 MP: 9/12
  1612 | D:3      | Found a basalt altar of Yredelemnul.
  1612 | D:3      | Found a blossoming altar of Fedhas.
  1683 | D:3      | Found a runed door.
  1698 | D:3      | Noticed CasualChangeling's ghost (amateur KoWn)
  2190 | D:3      | Killed CasualChangeling's ghost
  2263 | D:4      | Reached XP level 6. HP: 41/50 MP: 7/13
  2339 | D:4      | Found an ancient bone altar of Kikubaaqudgha.
  2351 | D:4      | Found a shimmering altar of Xom.
  2451 | D:4      | Reached skill level 5 in Fighting
  2451 | D:4      | Reached skill level 5 in Polearms
  2451 | D:4      | Reached skill level 5 in Dodging
  2602 | D:4      | Reached XP level 7. HP: 42/56 MP: 0/15
  2768 | D:4      | Noticed Ijyb
  3062 | D:5      | Entered Level 5 of the Dungeon
  3471 | D:5      | Reached XP level 8. HP: 37/63 MP: 16/16
  3543 | D:5      | Found Pelovvuesch's Food Emporium.
  3879 | D:5      | Found a glowing silver altar of Zin.
  3879 | D:5      | Found an opulent altar of Gozag.
  4037 | D:6      | Reached skill level 6 in Spellcasting
  4300 | D:6      | Reached XP level 9. HP: 36/69 MP: 1/18
  4786 | D:6      | Noticed Eustachio
  4811 | D:6      | Killed Eustachio
  4899 | D:6      | Found a bloodstained altar of Trog.
  5346 | D:7      | Found a staircase to the Ecumenical Temple.
  5373 | Temple   | Entered the Ecumenical Temple
  5377 | Temple   | Became a worshipper of Warmaster Okawaru
  5547 | D:7      | Reached skill level 5 in Armour
  5652 | D:7      | Found a sparkling altar of Nemelex Xobeh.
  5652 | D:7      | Noticed Jessica
  5656 | D:7      | Killed Jessica
  5691 | D:7      | Found a deep blue altar of Sif Muna.
  5736 | D:8      | Found a staircase to the Lair.
  5881 | D:8      | Reached skill level 5 in Invocations
  6134 | D:8      | Reached XP level 10. HP: 55/77 MP: 20/20
  6155 | D:8      | Got a crude dagger
  6159 | D:8      | Identified the +1 dagger of Amuetah {pierce, rElec Str+3}
                  | (You found it on level 8 of the Dungeon)
  6228 | D:8      | Reached * piety under Okawaru
  6273 | D:8      | Reached skill level 7 in Spellcasting
  6506 | D:8      | Found a deep blue altar of Sif Muna.
  6930 | D:9      | Reached skill level 5 in Short Blades
  6930 | D:9      | Reached skill level 5 in Long Blades
  6930 | D:9      | Reached skill level 5 in Axes
  6930 | D:9      | Reached skill level 5 in Maces & Flails
  6930 | D:9      | Reached skill level 5 in Staves
  6930 | D:9      | Reached skill level 5 in Slings
  6930 | D:9      | Reached skill level 5 in Bows
  6930 | D:9      | Reached skill level 5 in Crossbows
  6930 | D:9      | Reached skill level 5 in Throwing
  6930 | D:9      | Reached skill level 5 in Stealth
  6930 | D:9      | Reached skill level 5 in Shields
  6930 | D:9      | Reached skill level 5 in Unarmed Combat
  6930 | D:9      | Reached skill level 5 in Evocations
  6947 | D:9      | Noticed a two-headed ogre
  6957 | D:9      | Killed a two-headed ogre
  6957 | D:9      | Reached ** piety under Okawaru
  7206 | D:9      | Found a flagged portal.
  7216 | Bailey   | Entered a bailey
  7974 | Bailey   | Reached *** piety under Okawaru
  8979 | Bailey   | Reached XP level 11. HP: 65/84 MP: 14/22
  9105 | Bailey   | Identified the Collected Works on Moulding
  9448 | D:9      | Found a roughly hewn altar of Beogh.
  9518 | D:10     | Entered Level 10 of the Dungeon
  9655 | D:10     | Noticed a two-headed ogre
  9664 | D:10     | Killed a two-headed ogre
  9664 | D:10     | Reached **** piety under Okawaru
  9664 | D:10     | Received a gift from Okawaru
  9745 | D:10     | Found a staircase to the Orcish Mines.
  9812 | D:10     | Noticed an unseen horror
  9872 | D:10     | Killed an unseen horror
  9872 | D:10     | Reached skill level 5 in Conjurations
  9872 | D:10     | Reached skill level 5 in Hexes
  9872 | D:10     | Reached skill level 5 in Summonings
  9872 | D:10     | Reached skill level 5 in Necromancy
  9872 | D:10     | Reached skill level 5 in Translocations
  9872 | D:10     | Reached skill level 5 in Transmutations
  9872 | D:10     | Reached skill level 5 in Fire Magic
  9872 | D:10     | Reached skill level 5 in Ice Magic
  9872 | D:10     | Reached skill level 5 in Air Magic
  9872 | D:10     | Reached skill level 5 in Earth Magic
  9872 | D:10     | Reached skill level 5 in Poison Magic
 10120 | D:10     | Reached skill level 8 in Spellcasting
 10847 | D:11     | Noticed a purple ugly thing
 10870 | D:11     | Killed a purple ugly thing
 10886 | D:11     | Noticed Gastronok
 11278 | Lair:1   | Entered Level 1 of the Lair of Beasts
 11429 | Lair:1   | Reached ***** piety under Okawaru
 11503 | Lair:1   | Found a frozen archway.
 11595 | IceCv    | Entered an ice cave
 11950 | IceCv    | Received a gift from Okawaru
 12006 | IceCv    | Identified a +1 pair of boots of running (Okawaru gifted it
                  | to you in an ice cave)
 12595 | IceCv    | Reached XP level 12. HP: 39/93 MP: 5/24
 13080 | IceCv    | Learned a level 3 spell: Mephitic Cloud
 13087 | IceCv    | Learned a level 6 spell: Freezing Cloud
 13100 | IceCv    | Found an ancient bone altar of Kikubaaqudgha.
 13317 | IceCv    | HP: 4/94 [freezing wraith (8)]
 13317 | IceCv    | HP: 1/94 [freezing wraith (3)]
 14324 | Lair:1   | Noticed a five-headed hydra
 14358 | Lair:1   | Killed a five-headed hydra
 14991 | Lair:1   | Identified a scroll of acquirement
 14994 | Lair:1   | Got a pair of jewelled gloves
 15005 | Lair:1   | Identified the +2 pair of gloves of Pathos {+Fly rN+} (You
                  | acquired it on level 1 of the Lair of Beasts)
 15682 | Lair:2   | Reached skill level 9 in Spellcasting
 15754 | Lair:2   | Slain by a spiny frog

Vault maps used:
D:1:      erik_arrival_triangle_large, minmay_tromino_v2
D:2:      minmay_thinvault
D:3:      minitemple, ebering_ghost_reflecting_pool
D:4:      amethyst_overflow_temple_binary, uniq_ijyb
D:5:      grunt_temple_overflow_gold_and_silver, first_ration, serial_shops,
          shop, minmay_misc_feat_square
D:6:      lemuel_doored_altar, uniq_eustachio
D:7:      kennysheep_little_box, minmay_temple_entry_gardened_gates, the_bakery,
          nemelex_lonely_heart_becter
D:8:      cheibrodos_two_vegetables, lemuel_tele_altar
D:9:      special_room, enter_bailey_8
D:10:     minmay_goldmine, orc_0_dummy
D:11:     uniq_gastronok
Temple:   zaba_magenta_temple
Lair:1:   portal_ice_cave_entry_imps, serial_bayou_shore_a, grunt_megastairs_2,
          infiniplex_staircase_pool
Lair:2:   gammafunk_lair_enchanted_lake, grunt_megastairs_4
Bailey:   bailey_polearm_flooded_kennysheep, bailey
IceCv:    ice_cave_small_necro

Skill      XL: |  1  2  3  4  5  6  7  8  9 10 11 12 |
---------------+-------------------------------------+-----
Spellcasting   | 5 6 7 8 9 |  9.0
Invocations    | 1 2 3 4 5 6 7 8 |  8.1
Short Blades   | 1 2 3 4 5 6 7 |  7.3
Long Blades    | 1 2 3 4 5 6 7 |  7.3
Axes           | 1 2 3 4 5 6 7 |  7.3
Maces & Flails | 1 2 3 4 5 6 7 |  7.3
Staves         | 1 2 3 4 5 6 7 |  7.3
Slings         | 1 2 3 4 5 6 7 |  7.3
Bows           | 1 2 3 4 5 6 7 |  7.3
Crossbows      | 1 2 3 4 5 6 7 |  7.3
Throwing       | 1 2 3 4 5 6 7 |  7.3
Stealth        | 1 2 3 4 5 6 7 |  7.3
Shields        | 1 2 3 4 5 6 7 |  7.3
Unarmed Combat | 1 2 3 4 5 6 7 |  7.3
Evocations     | 1 2 3 4 5 6 7 |  7.3
Conjurations   | 1 2 3 4 5 6 |  6.1
Hexes          | 1 2 3 4 5 6 |  6.1
Summonings     | 1 2 3 4 5 6 |  6.1
Necromancy     | 1 2 3 4 5 6 |  6.1
Translocations | 1 2 3 4 5 6 |  6.1
Transmutations | 1 2 3 4 5 6 |  6.1
Fire Magic     | 1 2 3 4 5 6 |  6.1
Ice Magic      | 1 2 3 4 5 6 |  6.4
Air Magic      | 1 2 3 4 5 6 |  6.1
Earth Magic    | 1 2 3 4 5 6 |  6.1
Poison Magic   | 1 2 3 4 5 6 |  6.1
Armour         | 3 4 5 6 7 |  7.8
Fighting       | 5 6 7 8 |  8.7
Polearms       | 5 6 7 8 |  8.7
Dodging        | 5 6 7 8 |  8.7
Charms         | 6 7 8 |  8.3

Action                   |  1- 3 |  4- 6 |  7- 9 | 10-12 || total
-------------------------+-------+-------+-------+-------++-------
Melee: Spear             |   134 |   201 |   279 |       ||   614
       Bite              |     9 |    19 |    36 |    98 ||   162
       Trident           |       |       |   131 |   963 ||  1094
Throw: Javelin           |       |       |       |    29 ||    29
 Cast: Infusion          |     2 |     3 |     4 |    10 ||    19
       Spectral Weapon   |     3 |    16 |    42 |   105 ||   166
       Regeneration      |       |     4 |     9 |    39 ||    52
       Shroud of Golubri |       |     4 |     5 |    34 ||    43
Invok: Heroism           |       |       |       |    14 ||    14
       Finesse           |       |       |       |     1 ||     1
  Use: Scroll            |       |       |       |    17 ||    17
       Potion            |       |       |       |     7 ||     7
 Stab: Sleeping          |       |     4 |    21 |    13 ||    38
       Distracted        |       |     1 |     4 |    13 ||    18
  Eat: Chunk             |     1 |     6 |    15 |    28 ||    50
       Ration            |       |       |       |     3 ||     3
Armor: Leather armour    |    22 |    16 |    41 |    69 ||   148
       Robe              |       |       |       |    14 ||    14
Dodge: Dodged            |    64 |    54 |   144 |   438 ||   700
Block: Buckler           |    10 |    41 |    75 |   286 ||   412

Table legend:
 A = Non-vault XP
 B = Vault XP
 C = Vault XP percentage of total XP
 D = Non-vault monster count
 E = Vault monster count
 F = Vault count percentage of total count
                 A         B        C        D         E       F
            +---------+---------+-------+---------+---------+-------
      Total |   17502 |    9766 |  35.8 |     235 |     159 |  40.4
            +---------+---------+-------+---------+---------+-------
        D:1 |      44 |       1 |   2.2 |      24 |       1 |   4.0
        D:2 |      46 |      74 |  61.7 |      21 |      14 |  40.0
        D:3 |      37 |     103 |  73.6 |       8 |       1 |  11.1
        D:4 |     508 |       0 |   0.0 |      27 |       0 |   0.0
        D:5 |     738 |       0 |   0.0 |      19 |       0 |   0.0
        D:6 |    1339 |     203 |  13.2 |      26 |       1 |   3.7
        D:7 |     166 |     252 |  60.3 |      11 |       2 |  15.4
        D:8 |    1212 |      53 |   4.2 |      20 |       2 |   9.1
        D:9 |    2364 |     230 |   8.9 |      18 |      20 |  52.6
       D:10 |    3175 |     242 |   7.1 |      26 |      11 |  29.7
       D:11 |     970 |       0 |   0.0 |       5 |       0 |   0.0
     Lair:1 |    6137 |     123 |   2.0 |      27 |      12 |  30.8
     Lair:2 |     766 |     285 |  27.1 |       3 |       2 |  40.0
     Bailey |       0 |    2254 | 100.0 |       0 |      39 | 100.0
      IceCv |       0 |    5946 | 100.0 |       0 |      54 | 100.0
            +---------+---------+-------+---------+---------+-------
